 Dungeon Crawl Stone Soup version 0.26-a0-50-gc4d14cd (webtiles) character file.

Game seed: 2905721197799009091

886 thirtiethelement the Skirmisher (level 8, -2/90 HPs)
             Began as a Gnoll Abyssal Knight on June 5, 2020.
             Was a Priest of Lugonu.
             Slain by a human (5 damage)
             ... on level 6 of the Dungeon.
             The game lasted 00:11:46 (5943 turns).

thirtiethelement the Skirmisher (GnAK)              Turns: 5943, Time: 00:11:46

Health: -2/90      AC: 24    Str: 16    XL:     8   Next: 5%
Magic:  12/12      EV:  2    Int: 15    God:    Lugonu [***...]
Gold:   250        SH:  0    Dex: 15    Spells: 8/12 levels left

rFire    . . .     SeeInvis .   q - +0 war axe
rCold    . . .     Gourm    .   (no shield)
rNeg     + + +     Faith    .   (armour currently unavailable)
rPois    +         Spirit   .   (helmet currently unavailable)
rElec    .         Reflect  .   (cloak currently unavailable)
rCorr    .         Harm     .   (gloves currently unavailable)
MR       .....     Clarity  +   (boots currently unavailable) Stlth ++........NoTele +
                                (no amulet)
HPRegen  0.25/turn              (no ring)
MPRegen  0.13/turn              (no ring)

@: tree-form
A: distributed training, clarity, frail 1, strong nose
a: Depart the Abyss, Bend Space, Banish, Renounce Religion


You were on level 6 of the Dungeon.
You worshipped Lugonu.
Lugonu was most pleased with you.
You were hungry.
You were a tree.
You visited 2 branches of the dungeon, and saw 7 of its levels.
You visited the Abyss 1 time.

You collected 250 gold pieces.

Inventory:

Hand Weapons
 a - a +1 hand axe
 q - a +0 war axe (weapon)
Missiles
 e - 113 stones (quivered)
Armour
 b - a +0 leather armour
 f - a +5 ring mail (melded)
 p - a +1 pair of gloves (melded)
Jewellery
 i - an uncursed ring of resist corrosion {unknown}
Wands
 g - a wand of disintegration (14)
Scrolls
 h - 3 scrolls of remove curse
 m - a scroll of identify
 r - a scroll of fog
Potions
 j - a potion of brilliance
 k - a potion of stabbing
 l - a potion of might
 o - 2 potions of lignification
Comestibles
 c - 10 rations
 d - a chunk of flesh


   Skills:
 + Level 7.2 Fighting
 + Level 2.8 Short Blades
 + Level 2.8 Long Blades
 + Level 5.4 Axes
 + Level 2.8 Maces & Flails
 + Level 2.8 Polearms
 + Level 2.8 Staves
 + Level 2.8 Slings
 + Level 2.8 Bows
 + Level 2.8 Crossbows
 + Level 2.8 Throwing
 + Level 5.4 Armour
 + Level 3.9 Dodging
 + Level 2.8 Stealth
 + Level 2.8 Shields
 + Level 2.8 Unarmed Combat
 + Level 2.8 Spellcasting
 + Level 2.3 Conjurations
 + Level 2.3 Hexes
 + Level 2.3 Charms
 + Level 2.3 Summonings
 + Level 2.3 Necromancy
 + Level 2.3 Translocations
 + Level 2.3 Transmutations
 + Level 2.3 Fire Magic
 + Level 2.3 Ice Magic
 + Level 2.3 Air Magic
 + Level 2.3 Earth Magic
 + Level 2.3 Poison Magic
 + Level 5.6 Invocations
 + Level 2.8 Evocations


You had 8 spell levels left.
You knew the following spells:

 Your Spells              Type           Power        Failure   Level  Hunger
a - Sandblast             Erth           #.....       8%          1    #......
b - Stone Arrow           Conj/Erth      #.....       24%         3    ###....

Your spell library contained the following spells:

 Spells                   Type           Power        Failure   Level  Hunger
 Passwall                 Tmut/Erth      #.......     12%         2    ##.....
 Petrify                  Tmut/Erth      #.......     61%         4    #####..
 Lee's Rapid Deconstruct  Erth           #.........   91%         5    ######.


Dungeon Overview and Level Annotations

Branches:
Dungeon (6/15)             Temple (1/1) D:4

Altars:
Ashenzari
Dithmenos
Elyvilon
Fedhas
Gozag
Makhleb
Ru
Sif Muna
Uskayaw
Vehumet
Yredelemnul
The Shining One


Innate Abilities, Weirdness & Mutations

Your experience applies equally to all skills.
((You have very sharp teeth.))
Your uncanny sense of smell can sniff out nearby items.
You possess an exceptional clarity of mind.
You are frail. (-10% HP)


Message History

The human hits you but does no damage.
You hit the human.
The human is almost dead.
You hit the human but do no damage. You closely miss the human.
You hit the human. The human closely misses you.
The human hits you with a cursed -2 hunting sling.
* * * LOW HITPOINT WARNING * * *
The human barely misses you. The human hits you but does no damage.
The human barely misses you.
The human hits you with a cursed -2 hunting sling.
* * * LOW HITPOINT WARNING * * *
The human hits you.
* * * LOW HITPOINT WARNING * * *
Okay, then.
Really quaff the potion of lignification?
You turn into a tree.
Your +1 pair of gloves melds into your body.
Your +5 ring mail melds into your body.
Your roots penetrate the ground.
The human hits you.
You die...

.....................>..
...#..................
#.#######.#..#.#...
#.#................
#.(..........#.#[#.
####(.##..........#...
+.....(..#............
####.........#........
#pā™£.#.#.#. ........
......ppp.^.... ..).....
##.......#.###. ..###.#.
+.###.....# #.#. #.
āˆ†+..[..# #.#. #
āˆ†#.....# ..###.#.
āˆ†#...#.# ........
#...#.. #.###.#.
#.......


You could see 4 humans.

Vanquished Creatures
  A centaur (D:5)
  Blork the orc (D:5)
  A bullfrog (D:6)
  A jelly (D:5)
  3 scorpions
  A bullfrog skeleton (D:5)
  A hound (D:5)
  An orc wizard (D:4)
  A centaur skeleton (D:4)
  3 worker ants (D:4)
  8 adders
  6 gnolls
  An ooze (D:1)
  3 worms
  3 dart slugs
  3 leopard geckos
  13 orcs
  9 bats
  19 giant cockroaches
  7 goblins
  9 hobgoblins
  10 jackals
  10 kobolds
  5 quokkas
  A ball python (D:1)
  4 frilled lizards
  A giant cockroach zombie (D:5)
  3 leopard gecko skeletons
  A quokka zombie (D:5)
  7 rats
137 creatures vanquished.

Vanquished Creatures (others)
  An adder (D:2)
  A hobgoblin (D:2)
2 creatures vanquished.

Grand Total: 139 creatures vanquished

Notes
Turn   | Place    | Note
-------+----------+-------------------------------------------
     0 | Abyss:1  | thirtiethelement the Gnoll Abyssal Knight began the quest
                  | for the Orb.
     0 | Abyss:1  | Reached XP level 1. HP: 23/23 MP: 3/3
    46 | Abyss:1  | Noticed a starcursed mass
    75 | Abyss:1  | Noticed a large abomination
   124 | Abyss:2  | Noticed a raiju
   125 | D:1      | Escaped the Abyss
   370 | D:1      | Reached XP level 2. HP: 25/29 MP: 5/5
   709 | D:1      | Reached XP level 3. HP: 35/35 MP: 6/6
   716 | D:1      | Reached * piety under Lugonu
  1021 | D:1      | Learned a level 1 spell: Sandblast
  1431 | D:2      | Noticed a scorpion
  1450 | D:2      | Killed a scorpion
  1450 | D:2      | Reached skill level 1 in Short Blades
  1450 | D:2      | Reached skill level 1 in Long Blades
  1450 | D:2      | Reached skill level 1 in Maces & Flails
  1450 | D:2      | Reached skill level 1 in Polearms
  1450 | D:2      | Reached skill level 1 in Staves
  1450 | D:2      | Reached skill level 1 in Slings
  1450 | D:2      | Reached skill level 1 in Bows
  1450 | D:2      | Reached skill level 1 in Crossbows
  1450 | D:2      | Reached skill level 1 in Throwing
  1450 | D:2      | Reached skill level 1 in Stealth
  1450 | D:2      | Reached skill level 1 in Shields
  1450 | D:2      | Reached skill level 1 in Unarmed Combat
  1450 | D:2      | Reached skill level 1 in Spellcasting
  1450 | D:2      | Reached skill level 1 in Evocations
  1450 | D:2      | Reached XP level 4. HP: 36/41 MP: 3/7
  1450 | D:2      | Reached skill level 1 in Conjurations
  1450 | D:2      | Reached skill level 1 in Hexes
  1450 | D:2      | Reached skill level 1 in Charms
  1450 | D:2      | Reached skill level 1 in Summonings
  1450 | D:2      | Reached skill level 1 in Necromancy
  1450 | D:2      | Reached skill level 1 in Translocations
  1450 | D:2      | Reached skill level 1 in Transmutations
  1450 | D:2      | Reached skill level 1 in Fire Magic
  1450 | D:2      | Reached skill level 1 in Ice Magic
  1450 | D:2      | Reached skill level 1 in Air Magic
  1450 | D:2      | Reached skill level 1 in Earth Magic
  1450 | D:2      | Reached skill level 1 in Poison Magic
  1843 | D:2      | Reached ** piety under Lugonu
  1844 | D:2      | Reached XP level 5. HP: 46/47 MP: 8/8
  1846 | D:2      | Gained mutation: You are frail. (-10% HP) [potion of
                  | mutation]
  1846 | D:2      | Gained mutation: You possess an exceptional clarity of
                  | mind. [potion of mutation]
  2268 | D:3      | Found a faded altar of an unknown god.
  2963 | D:4      | Reached skill level 5 in Invocations
  2963 | D:4      | Reached XP level 6. HP: 42/47 MP: 9/9
  3156 | D:4      | Found a staircase to the Ecumenical Temple.
  3165 | Temple   | Entered the Ecumenical Temple
  3386 | D:4      | Reached *** piety under Lugonu
  3475 | D:4      | Reached skill level 5 in Axes
  3475 | D:4      | Reached skill level 5 in Armour
  3501 | D:4      | Found a shimmering blue altar of Sif Muna.
  3844 | D:4      | Reached XP level 7. HP: 47/53 MP: 10/10
  4149 | D:4      | Found a basalt altar of Yredelemnul.
  4271 | D:5      | Entered Level 5 of the Dungeon
  4330 | D:5      | Reached skill level 7 in Fighting
  4648 | D:5      | Noticed Blork the orc
  4660 | D:5      | Killed Blork the orc
  5411 | D:5      | Learned a level 3 spell: Stone Arrow
  5716 | D:6      | Reached XP level 8. HP: 45/60 MP: 12/12
  5942 | D:6      | HP: 2/60 [human (6)]
  5943 | D:6      | Slain by a human

Illustrated notes

Levels and vault maps discovered:
D:1:      onia_arrival_mini_maze, layout_loops_corners, st_stairs_12
D:2:      minmay_roachtagon, layout_loops_ring, first_ration,
          lemuel_old_faithful
D:3:      layout_rooms, chequers_ecumenical_altar_simple
D:4:      layout_basic, lemuel_round_altar, temple_statues,
          yredelemnul_altar_generic
D:5:      layout_gridville, uniq_blork_the_orc
D:6:      layout_basic, lemuel_doored_altar,
          grunt_temple_overflow_order_and_chaos_1, lemuel_round_altar,
          minmay_ruffians
Temple:   minmay_temple_curvy_loop

Skill      XL: |  1  2  3  4  5  6  7 |
---------------+----------------------+-----
Short Blades   | 1 2 |  2.8
Long Blades    | 1 2 |  2.8
Maces & Flails | 1 2 |  2.8
Polearms       | 1 2 |  2.8
Staves         | 1 2 |  2.8
Slings         | 1 2 |  2.8
Bows           | 1 2 |  2.8
Crossbows      | 1 2 |  2.8
Throwing       | 1 2 |  2.8
Stealth        | 1 2 |  2.8
Shields        | 1 2 |  2.8
Unarmed Combat | 1 2 |  2.8
Spellcasting   | 1 2 |  2.8
Evocations     | 1 2 |  2.8
Conjurations   | 1 2 |  2.3
Hexes          | 1 2 |  2.3
Charms         | 1 2 |  2.3
Summonings     | 1 2 |  2.3
Necromancy     | 1 2 |  2.3
Translocations | 1 2 |  2.3
Transmutations | 1 2 |  2.3
Fire Magic     | 1 2 |  2.3
Ice Magic      | 1 2 |  2.3
Air Magic      | 1 2 |  2.3
Earth Magic    | 1 2 |  2.3
Poison Magic   | 1 2 |  2.3
Dodging        | 3 |  3.9
Invocations    | 5 |  5.6
Axes           | 5 |  5.4
Armour         | 5 |  5.4
Fighting       | 7 |  7.2

Action                   |  1- 3 |  4- 6 |  7- 9 || total
-------------------------+-------+-------+-------++-------
Melee: Hand axe          |   113 |   228 |    85 ||   426
       Bite              |    14 |    29 |    13 ||    56
       Punch             |       |     4 |     3 ||     7
       War axe           |       |       |    32 ||    32
Throw: Stone             |       |    14 |     9 ||    23
 Cast: Sandblast         |     5 |    13 |    20 ||    38
       Stone Arrow       |       |       |     1 ||     1
Invok: Depart the Abyss  |     1 |       |       ||     1
  Use: Scroll            |     3 |     5 |     6 ||    14
       Potion            |       |     2 |     4 ||     6
 Stab: Sleeping          |       |       |     1 ||     1
  Eat: Chunk             |     2 |     8 |     7 ||    17
Armor: Ring mail         |    51 |   111 |    74 ||   236
Dodge: Dodged            |    83 |   155 |   138 ||   376

Table legend:
 A = Non-vault XP
 B = Vault XP
 C = Vault XP percentage of total XP
 D = Non-vault monster count
 E = Vault monster count
 F = Vault count percentage of total count
                 A         B        C        D         E       F
            +---------+---------+-------+---------+---------+-------
      Total |    1148 |     118 |   9.3 |     125 |      12 |   8.8
            +---------+---------+-------+---------+---------+-------
        D:1 |      55 |       2 |   3.5 |      27 |       1 |   3.6
        D:2 |     103 |      20 |  16.3 |      21 |      10 |  32.3
        D:3 |     111 |       0 |   0.0 |      22 |       0 |   0.0
        D:4 |     372 |       0 |   0.0 |      32 |       0 |   0.0
        D:5 |     387 |      96 |  19.9 |      20 |       1 |   4.8
        D:6 |     120 |       0 |   0.0 |       3 |       0 |   0.0
            +---------+---------+-------+---------+---------+-------
